 Dungeon Crawl Stone Soup version 0.29-a0-330-g52719c12eb (webtiles) character file.

Game seed: 4321142741673001082

755 HoaS the Quickloader (level 7, -6/40 HPs)
             Began as a Gargoyle Hunter on May 20, 2022.
             Mangled by an ogre
             ... wielding a +0 giant club
              (12 damage)
             ... on level 5 of the Dungeon.
             The game lasted 00:08:36 (4052 turns).

HoaS the Quickloader (Gargoyle Hunter)              Turns: 4052, Time: 00:08:37

Health: -6/40      AC: 11    Str: 15    XL:     7   Next: 79%
Magic:  7/7        EV: 15    Int: 15    God:
Gold:   252        SH:  0    Dex: 15    Spells: 6/6 levels left

rFire   . . .      SeeInvis .   a - +1 hand crossbow (elec)
rCold   + . .      Faith    .   (no shield)
rNeg    + . .      Spirit   .   k - +0 ring mail
rPois   ∞          Reflect  .   (no helmet)
rElec   +          Harm     .   o - +1 cloak of Starlight {*Dazzle EV+4 Stlth--}
rCorr   .          Rampage  .   (no gloves)
Will    .....                   (no boots)
Stlth   ..........              (no amulet)
HPRegen 0.13/turn               i - +6 ring of intelligence
MPRegen 0.10/turn               b - ring of protection from cold

@: no status effects
A: sickness immunity, AC +4, negative energy resistance 1, electricity
resistance, torment resistance 1, petrification resistance
a: no special abilities


You were on level 5 of the Dungeon.
You visited 1 branch of the dungeon, and saw 5 of its levels.

You collected 252 gold pieces.

Inventory:

Hand Weapons
 a - a +1 hand crossbow of electrocution (weapon)
Armour
 k - a +0 ring mail (worn)
 o - the +1 cloak of Starlight (worn) {*Dazzle EV+4 Stlth--}
   (You found it on level 5 of the Dungeon)

   It may blind those who miss an attack against the wearer in melee combat.
   EV:        It affects your evasion (+4).
   Stlth:     It makes you much less stealthy.
Jewellery
 b - a ring of protection from cold (right hand)
 i - a +6 ring of intelligence (left hand)
Wands
 f - a wand of flame (22)
Scrolls
 c - 2 scrolls of immolation
Potions
 e - a potion of might {unknown}
 g - a potion of berserk rage
 h - 2 potions of flight
 j - 3 potions of attraction {unknown}
 m - 2 potions of curing {unknown}
 n - a potion of lignification {unknown}


   Skills:
 - Level 2.1 Fighting
 + Level 9.3 Crossbows
 - Level 1.5 Dodging
 - Level 1.1 Stealth


You had 6 spell levels left.
You didn't know any spells.
Your spell library contained the following spells:

 Spells                   Type           Power      Damage    Failure   Level
 Scorch                   Fire           0%         2d5       63%         2
 Ignite Poison            Fire/Tmut/Pois 0%         N/A       85%         3
 Mephitic Cloud           Conj/Pois/Air  0%         N/A       85%         3
 Spider Form              Tmut/Pois      0%         N/A       85%         3
 Ice Form                 Ice/Tmut       0%         N/A       99%         4
 Sticky Flame             Conj/Fire      0%         2d3       99%         4
 Freezing Cloud           Conj/Ice/Air   0%         6-21      100%        5


Dungeon Overview and Level Annotations

Branches:
Dungeon (5/15)
 Temple: D:4-7

Altars:
Ashenzari
Dithmenos
Qazlal
Sif Muna
Zin


Innate Abilities, Weirdness & Mutations

You are immune to sickness and miasma.
Your stone body is resilient. (AC +4)
You are immune to poison.
You resist negative energy. (rN+)
You are resistant to electric shocks. (rElec)
You are resistant to unholy torment.
You are immune to petrification.


Message History

You shoot a bolt. The bolt barely misses the orc.
The orc closely misses you.
You shoot a bolt. The bolt barely misses the orc.
The bolt hits the ogre!
The ogre is moderately wounded.
The orc barely misses you.
The orc's vision is obscured by starry radiance!
You shoot a bolt. The bolt closely misses the orc.
The orc hits you but does no damage.
You see here a scarf of shadows.
You shoot a bolt. The bolt hits the orc!
You kill the orc!
You shoot a bolt.
The bolt hits the ogre but does no damage.
The ogre is moderately wounded.
The ogre hits you with a +0 giant club!
You shoot a bolt. The bolt closely misses the ogre.
The ogre hits you with a +0 giant club!!
Ouch! That really hurt!
* * * LOW HITPOINT WARNING * * *
You are too injured to fight recklessly!
You are too injured to fight recklessly!
Okay, then.
Okay, then.
Shoot: a) +1 hand crossbow (elec)
Press: ? - help, Q - select action, (/) - cycle Shift-Dir - straight line, f/p - ogre
Aim: an ogre, wielding a +0 giant club (lightly wounded, 79% to hit)
You shoot a bolt. The bolt barely misses the ogre.
Shoot: a) +1 hand crossbow (elec)
Press: ? - help, Q - select action, (/) - cycle Shift-Dir - straight line, f/p - ogre
Aim: an ogre, wielding a +0 giant club (lightly wounded, 79% to hit)
You shoot a bolt.
The bolt hits the ogre but does no damage.
Lightning courses through the ogre!
The ogre is severely wounded.
The ogre closely misses you.
Shoot: a) +1 hand crossbow (elec)
Press: ? - help, Q - select action, (/) - cycle Shift-Dir - straight line, f/p - ogre
Aim: an ogre, wielding a +0 giant club (severely wounded, 79% to hit)
You shoot a bolt. The bolt barely misses the ogre.
The ogre hits you with a +0 giant club!
You die...

#####.# ##....##
##...######...
..##..#####..##.####..######
####
...................(.........
#####......##..#####.########
####..#######.####...#
#....## ##.###..### #.####
####..##..##
....#####....###.##
###..[....#### #@#
######.....###O# ...##......#
######.###.## # #.)# ##..#
#... ##.. ....


You could see an ogre.

Vanquished Creatures
  A black bear (D:4)
  An ogre (D:4)
  A necrophage (D:3)
  2 scorpions
  A howler monkey (D:4)
  3 jellies
  Natasha (thrice) (D:4)
  6 adders
  4 gnolls (D:5)
  A white imp (D:5)
  2 worms (D:2)
  2 dart slugs
  5 orcs
  12 ball pythons
  6 bats
  8 endoplasms
  4 giant cockroaches
  8 hobgoblins
  2 jackals (D:1)
  A quokka (D:3)
  5 frilled lizards
  9 goblins
  4 kobolds
  4 rats
95 creatures vanquished.

Notes
Turn   | Place    | Note
-------+----------+-------------------------------------------
     0 | D:1      | HoaS the Gargoyle Hunter began the quest for the Orb.
     0 | D:1      | Reached XP level 1. HP: 12/12 MP: 1/1
   170 | D:1      | Reached XP level 2. HP: 17/17 MP: 2/2
   320 | D:1      | Reached XP level 3. HP: 21/21 MP: 3/3
   388 | D:1      | Reached skill level 5 in Crossbows
   763 | D:1      | Found Rapn's Magic Scroll Boutique.
  1119 | D:2      | Reached XP level 4. HP: 23/26 MP: 4/4
  2089 | D:3      | Noticed a necrophage
  2105 | D:3      | Killed a necrophage
  2106 | D:3      | Reached skill level 6 in Crossbows
  2106 | D:3      | Reached XP level 5. HP: 16/30 MP: 5/5
  2940 | D:4      | Noticed a black bear
  2953 | D:4      | Killed a black bear
  2954 | D:4      | Reached skill level 7 in Crossbows
  2954 | D:4      | Reached XP level 6. HP: 21/35 MP: 6/6
  3113 | D:4      | Reached skill level 8 in Crossbows
  3203 | D:4      | Reached XP level 7. HP: 40/40 MP: 7/7
  3219 | D:4      | Noticed Natasha
  3227 | D:4      | Killed Natasha
  3251 | D:4      | Noticed Natasha
  3252 | D:4      | Killed Natasha
  3271 | D:4      | Found a shimmering blue altar of Sif Muna.
  3301 | D:4      | Noticed Natasha
  3302 | D:4      | Killed Natasha
  3310 | D:4      | Found a shadowy altar of Dithmenos.
  3435 | D:4      | Found a stormy altar of Qazlal.
  3520 | D:4      | Found a broken altar of Ashenzari.
  3528 | D:4      | Found a glowing silver altar of Zin.
  3607 | D:5      | Entered Level 5 of the Dungeon
  3685 | D:5      | Reached skill level 9 in Crossbows
  3907 | D:5      | Got Sif Muna's Collected Works on Scorching Transmutation
  3963 | D:5      | Found the +1 cloak of Starlight {*Dazzle EV+4 Stlth--}
  4052 | D:5      | Mangled by an ogre

Illustrated notes

Levels and vault maps discovered:
D:1:      minmay_arrival_shattered_statue, layout_loops_corners, serial_shops,
          nicolae_shop_hallway_plus, hangedman_decor_push,
          kennysheep_flooded_box, minmay_misc_feat_secret_circle
D:2:      layout_rooms
D:3:      layout_basic, grunt_ministairs_5
D:4:      layout_cave_pools, mainiacjoe_overflow_big_doors,
          mainiacjoe_overflow_brackets, nicolae_qazlal_eye_of_the_storm,
          mainiacjoe_overflow_surrounded_room, minmay_surrounded, uniq_natasha
D:5:      layout_rooms, uniq_menkaure

Skill      XL: |  1  2  3  4  5  6  7 |
---------------+----------------------+-----
Crossbows      | 5 6 7 8 9 |  9.3
Fighting       | |  2.1
Dodging        | |  1.5
Stealth        | |  1.1

Action                   |  1- 3 |  4- 6 |  7- 9 || total
-------------------------+-------+-------+-------++-------
 Fire: Hand crossbow     |   113 |    94 |    94 ||   301
  Use: Scroll            |       |     9 |     1 ||    10
Armor: Leather armour    |    25 |     3 |       ||    28
       Ring mail         |       |    15 |    18 ||    33
Dodge: Dodged            |    31 |    32 |    27 ||    90

Table legend: (Time is in decaauts)
 A = Elapsed time spent in this place.
 B = Non-inter-level travel time spent in this place.
 C = Inter-level travel time spent in this place.
 D = Time resting spent in this place.
 E = Time spent auto-exploring this place.
 F = Levels seen in this place.
 G = Mean time per level.
                   A        B        C        D        E       F      G
               +--------+--------+--------+--------+--------+-----+--------+
         Total |   4121 |   4040 |     81 |    640 |   2756 |   5 |  824.2 |
       Dungeon |   4121 |   4040 |     81 |    640 |   2756 |   5 |  824.2 |
               +--------+--------+--------+--------+--------+-----+--------+

Top non-repeatable levels by time:
     D:3: 1516 daAuts
     D:1: 940 daAuts
     D:4: 804 daAuts
     D:2: 487 daAuts
     D:5: 371 daAuts
